 Dungeon Sprint DCSS version 0.30-a0-250-g41c1d76940 (webtiles) character file.

Game seed: 819653608898083893

1047 ytrimaz the Grappler (level 8, -4/96 HPs)
             Began as a Troll Transmuter on Oct 12, 2022.
             Was a Follower of Sif Muna.
             Slain by a troll (6 damage)
             ... in the Dungeon (Sprint IX: "|||||||||||||||||||||||||||||").
             The game lasted 00:01:38 (357 turns).

ytrimaz the Grappler (Troll Transmuter)              Turns: 357, Time: 00:01:39

Health: -4/96      AC:  4    Str: 19    XL:     8   Next: 5%
Magic:  8/8        EV: 11    Int: 14    God:    Sif Muna [*.....]
Gold:   0          SH:  0    Dex: 10    Spells: 8/9 levels left

rFire   . . .      SeeInvis .      - Unarmed
rCold   . . .      Faith    .    (no shield)
rNeg    . . .      Spirit   .    a - +0 robe
rPois   .          Reflect  .    (helmet restricted)
rElec   .          Harm     .    (no cloak)
rCorr   .          Rampage  .    (gloves unavailable)
Will    .....      NoTele   +    (boots unavailable)
Stlth   +.........               (no amulet)
HPRegen 1.16/turn                l - +2 ring of evasion
MPRegen 0.11/turn                k - +3 ring of intelligence

@: invisible (expiring)
A: large, unfitting armour, claws 3, regeneration 1, shaggy fur 1, tough skin 1
a: Renounce Religion, Channel Magic


You were in the Dungeon.
You worshipped Sif Muna.
Sif Muna was aware of your devotion.
You visited 1 branch


Innate Abilities, Weirdness & Mutations

You are too large for most types of armour.
You have claws for hands.
Your natural rate of healing is unusually fast.
You are covered in fur. (AC +1)
You have tough skin. (AC +1)


   Skills:
 + Level 10.6 Fighting
 - Level 1.5 Dodging
 + Level 12.8 Unarmed Combat
 - Level 1.2 Spellcasting
 - Level 1.3 Transmutations


You had 8 spell levels left.
You knew the following spells:

 Your Spells              Type           Power      Damage    Failure   Level
a - Beastly Appendage     Tmut           8%         N/A       14%         1

Your spell library contained the following spells:

 Spells                   Type           Power      Damage    Failure   Level
 Wereblood                Tmut           4%         N/A       22%         2
 Spider Form              Tmut/Pois      2%         N/A       50%         3
 Ice Form                 Ice/Tmut       2%         N/A       88%         4

Inventory:

Armour
 a - a +0 robe (worn)
Jewellery
 k - a +3 ring of intelligence (right claw)
   (You found it in the Dungeon)
 l - a +2 ring of evasion (left claw)
   (You found it in the Dungeon)
Wands
 j - a wand of iceblast (10)
   (You found it in the Dungeon)
Scrolls
 h - a scroll of blinking
 i - 2 scrolls of amnesia
Potions
 c - 5 potions of curing
 e - a potion of haste
 f - 4 potions of magic

Dungeon Overview and Level Annotations

Branches:
Dungeon (1/1) Zot: 27000

Altars:
Cheibriados
Dithmenos
Elyvilon
Fedhas
Gozag
Hepliaklqana
Kikubaaqudgha
Makhleb
Nemelex Xobeh
Okawaru
Qazlal
Ru
Sif Muna
Trog
Uskayaw
Vehumet
Wu Jian
Xom
Yredelemnul
Zin
The Shining One
Jiyva
Lugonu

▓'▓
▓)▓
▓.▓
▓.▓
▓.▓
▓.▓
▓)▓
▓T▓
▓@▓
▓.▓
▓<▓
▓▓▓


You could see a troll (unable to see you).


Message History

😕 HP[+1] 😕 HP[+2]
You regained 2 hp, and now have 70/85 hp. 😕 HP[+1] 😕 HP[+1]
There is an open door here. 😕 HP[+1]
Items here: ))) [ ÷÷. 😕 HP[+1] 😕 HP[+1] 😕 HP[+1] 😕 HP[+2]
You regained 2 hp, and now have 78/85 hp. 😕 HP[+1]
There is an open door to the Dungeon here.
Things that are here:
a +0 club; a ball python skeleton; a rat skeleton 😕 HP[+1] 😕 HP[+1] 😕 HP[+1] 😕 HP[+1]
There is a staircase leading out of the dungeon here. 😕 HP[+1]
You fade into invisibility! 😎 HP[+1]
Your hp is fully restored (85).
The troll barely misses you. The troll claws you. x2 😕 HP[-10]
You take 10 damage, and now have 75/85 hp.
You scratch the troll. The troll barely misses you. The troll claws you!
The troll closely misses you. 😕 HP[-7]
You take 7 damage, and now have 68/85 hp.
Unknown command.
You mangle the troll!! Your claw misses the troll. 😕 HP[+1]
You barely miss the troll. The troll bites you!
The troll closely misses you. x2 😮 HP[-11]
You take 11 damage, and now have 58/85 hp.
Unknown command.
You claw the troll! The troll barely misses you. The troll claws you.
The troll barely misses you. 😮 HP[-5]
You take 5 damage, and now have 53/85 hp.
You strike the helpless troll from behind!
You claw the troll!
You kill the troll!
Sif Muna accepts your kill.
You have reached level 8! 😮 HP[+8] MP[+1]
You now have 96 max hp (+11).
You regained 8 hp, and now have 61/96 hp.
Your mp is fully restored (8).
The troll bites you. The troll barely misses you. The troll closely misses you.
You see here a troll corpse. 😮 HP[-1]
You take 1 damage, and now have 60/96 hp.
Unknown command.
You scratch the troll. The troll bites you!
The troll claws you but does no damage. The troll claws you!
* * * LOW HITPOINT WARNING * * *
😨 HP[-18]
You take 18 damage, and now have 42/96 hp.
You barely miss the troll. The troll bites you!
* * * LOW HITPOINT WARNING * * *
The troll claws you!
* * * LOW HITPOINT WARNING * * *
The troll claws you but does no damage. 😨 HP[-15]
You take 15 damage, and now have 27/96 hp.
Unknown command.
You strike the helpless troll from behind!
You claw the troll! The troll barely misses you. The troll claws you.
* * * LOW HITPOINT WARNING * * *
The troll claws you!
* * * LOW HITPOINT WARNING * * *
😱 HP[-10]
You take 10 damage, and now have 17/96 hp.
You barely miss the troll. 😱 HP[+1]
You completely miss the troll. The troll misses you.
The troll barely misses you.
The troll misses you. 😱 HP[+1] Unknown command.
You closely miss the troll. The troll bites you but does no damage.
The troll claws you.
* * * LOW HITPOINT WARNING * * *
The troll claws you!
* * * LOW HITPOINT WARNING * * *
😱 HP[-13]
You take 13 damage, and now have 6/96 hp.
You scratch the troll. Your claw misses the troll.
You flicker for a moment.
The troll barely misses you. The troll claws you.
* * * LOW HITPOINT WARNING * * *
The troll closely misses you. 😱 HP[-4]
You take 4 damage, and now have 2/96 hp.
You barely miss the troll. The troll bites you.
You die...

Skill      XL: |  1  2  3  4  5  6  7 |
---------------+----------------------+-----
Fighting       | 3 5 7 9 10 | 10.6
Unarmed Combat | 5 7 9 12 | 12.8
Dodging        | |  1.5
Spellcasting   | |  1.2
Transmutations | |  1.3

Action                   |  1- 3 |  4- 6 |  7- 9 || total
-------------------------+-------+-------+-------++-------
Melee: Unarmed           |    32 |    18 |    21 ||    71
       Punch             |       |     1 |     1 ||     2
  Use: Potion            |     1 |     2 |     3 ||     6
       Scroll            |       |       |     1 ||     1
 Stab: Invisible         |       |       |     2 ||     2
Armor: Robe              |     5 |     1 |     5 ||    11
       Skin              |       |     4 |       ||     4
Dodge: Dodged            |    12 |     2 |    23 ||    37

Levels and vault maps discovered:
D:        linesprint [early_d, line_temple, items_1, d_10, items_2, lair_1,
          lair_end, items_3, orc_1, orc_end, items_4, d_15, swamp_1, shoals_1,
          snake_1, spider_1, d_20, vaults_1, items_5, swamp_end, shoals_end,
          snake_end, spider_end, vaults_end, d_27, items_6, zot_1, zot_end,
          crypt_end, forest_end, elf_end, slime_end, tomb_end, abyss_end,
          pan_hell_end]

Notes
Turn   | Place    | Note
-------+----------+-------------------------------------------
     0 | D        | ytrimaz the Troll Transmuter began the quest for the Orb.
     0 | D        | Reached XP level 1. HP: 18/18 MP: 1/1
     0 | D        | magus.rc [v1.9.6]
     7 | D        | Reached skill level 1 in Fighting
    22 | D        | Noticed an ogre
    22 | D        | Noticed an orc wizard
    38 | D        | Killed an orc wizard
    39 | D        | Reached skill level 3 in Fighting
    39 | D        | Reached skill level 5 in Unarmed Combat
    39 | D        | Reached XP level 2. HP: 21/31 MP: 2/2
    39 | D        | Reached XP level 3. HP: 25/37 MP: 3/3
    41 | D        | HP: 6/37 [ogre/+0 giant club (17)]
    46 | D        | HP: 8/37 [ogre/+0 giant club (9)]
    52 | D        | Killed an ogre
    53 | D        | Reached skill level 5 in Fighting
    53 | D        | Reached skill level 7 in Unarmed Combat
    53 | D        | Reached XP level 4. HP: 9/50 MP: 4/4
    53 | D        | HP: 8/50 [orc/+0 hand axe (2)]
   115 | D        | Found a snail-covered altar of Cheibriados.
   115 | D        | Found a shadowy altar of Dithmenos.
   115 | D        | Found a white marble altar of Elyvilon.
   115 | D        | Found a blossoming altar of Fedhas.
   115 | D        | Found an opulent altar of Gozag.
   116 | D        | Found a hazy altar of Hepliaklqana.
   117 | D        | Found a viscous altar of Jiyva.
   118 | D        | Found an ancient bone altar of Kikubaaqudgha.
   119 | D        | Found a corrupted altar of Lugonu.
   120 | D        | Found a burning altar of Makhleb.
   121 | D        | Found a sparkling altar of Nemelex Xobeh.
   122 | D        | Found an iron altar of Okawaru.
   123 | D        | Found a stormy altar of Qazlal.
   124 | D        | Found a sacrificial altar of Ru.
   125 | D        | Found a shimmering blue altar of Sif Muna.
   126 | D        | Found a bloodstained altar of Trog.
   127 | D        | Found a hide-covered altar of Uskayaw.
   128 | D        | Found a radiant altar of Vehumet.
   129 | D        | Found an ornate altar of the Wu Jian Council.
   130 | D        | Found a shimmering altar of Xom.
   131 | D        | Found a basalt altar of Yredelemnul.
   132 | D        | Found a glowing silver altar of Zin.
   133 | D        | Found a glowing golden altar of the Shining One.
   255 | D        | Became a worshipper of Sif Muna the Loreminder
   274 | D        | Noticed a troll
   274 | D        | Noticed a troll
   274 | D        | Noticed an orc warrior
   274 | D        | Noticed a komodo dragon
   274 | D        | Noticed a hornet
   274 | D        | Noticed a vampire
   278 | D        | Killed a vampire
   279 | D        | Reached skill level 7 in Fighting
   279 | D        | Reached skill level 9 in Unarmed Combat
   279 | D        | Reached XP level 5. HP: 62/62 MP: 5/5
   279 | D        | Reached XP level 6. HP: 71/71 MP: 6/6
   281 | D        | Killed a hornet
   282 | D        | Reached skill level 8 in Fighting
   282 | D        | Reached skill level 10 in Unarmed Combat
   285 | D        | Killed a komodo dragon
   285 | D        | Reached * piety under Sif Muna
   286 | D        | Reached skill level 9 in Fighting
   286 | D        | Reached skill level 12 in Unarmed Combat
   286 | D        | Reached XP level 7. HP: 84/84 MP: 7/7
   291 | D        | Reached skill level 10 in Fighting
   292 | D        | HP: 20/85 [troll (3)]
   348 | D        | Killed a troll
   349 | D        | Reached XP level 8. HP: 61/96 MP: 8/8
   352 | D        | HP: 17/96 [troll (9)]
   355 | D        | HP: 6/96 [troll (9)]
   356 | D        | HP: 2/96 [troll (5)]
   357 | D        | Slain by a troll

Vanquished Creatures
  A komodo dragon (D)
  A troll (D)
  A hornet (D)
  A vampire (D)
  An orc warrior (D)
  An ogre (D)
  An orc wizard (D)
  An adder (D)
  An ufetubus (D)
  An orc (D)
  A goblin (D)
  A ball python (D)
  A frilled lizard (D)
  2 rats (D)
15 creatures vanquished.

Table legend:
 A = Non-vault XP
 B = Vault XP
 C = Vault XP percentage of total XP
 D = Non-vault monster count
 E = Vault monster count
 F = Vault count percentage of total count
                 A         B        C        D         E       F
            +---------+---------+-------+---------+---------+-------
      Total |       0 |    1497 | 100.0 |       0 |      15 | 100.0
            +---------+---------+-------+---------+---------+-------
          D |       0 |    1497 | 100.0 |       0 |      15 | 100.0
            +---------+---------+-------+---------+---------+-------

Illustrated notes

Table legend:
 A = Kills in this place as a percentage of kills in entire the game.
 B = Kills by you in this place as a percentage of kills by you in the entire game.
 C = Kills by friends in this place as a percentage of kills by friends in the entire game.
 D = Other kills in this place as a percentage of other kills in the entire game.
 E = Experience gained in this place as a percentage of experience gained in the entire game.
 F = Experience gained in this place divided by the number of levels of this place that you have seen.
                   A       B       C       D       E      F
               +-------+-------+-------+-------+-------+----------------------
         Total | 100.0 | 100.0 |   N/A |   N/A | 100.0 | 1497.0
       Dungeon | 100.0 | 100.0 |   N/A |   N/A | 100.0 | 1497.0
               +-------+-------+-------+-------+-------+----------------------

Table legend: (Time is in decaauts)
 A = Elapsed time spent in this place.
 B = Non-inter-level travel time spent in this place.
 C = Inter-level travel time spent in this place.
 D = Time resting spent in this place.
 E = Time spent auto-exploring this place.
 F = Levels seen in this place.
 G = Mean time per level.
                   A        B        C        D        E       F      G
               +--------+--------+--------+--------+--------+-----+--------+
         Total |    353 |    353 |      0 |      0 |     53 |   1 |  353.0 |
       Dungeon |    353 |    353 |      0 |      0 |     53 |   1 |  353.0 |
               +--------+--------+--------+--------+--------+-----+--------+

Top non-repeatable levels by time:
       D: 353 daAuts
